 Dungeon Crawl Stone Soup version 0.31-a0-702-gf82c85558f (webtiles) character file.

Game seed: 1667799842238481936

484 qw the Shooter (level 7, -2/43 HPs)
             Began as a Gargoyle Hunter on Sept 8, 2023.
             Slain by a wyvern (4 damage)
             ... on level 4 of the Dungeon.
             The game lasted 00:01:27 (3346 turns).

qw the Shooter (Gargoyle Hunter)                    Turns: 3346, Time: 00:01:27

Health: -2/43      AC: 10    Str: 14    XL:     7   Next: 12%
Magic:  7/7        EV: 11    Int: 10    God:
Gold:   207        SH:  0    Dex: 21    Spells: 6/6 levels left

rFire   + . .        Y - +1 shortbow
rCold   . . .        (shield currently unavailable)
rNeg    + . .        e - +0 ring mail {rF+}
rPois   inf          (no helmet)
rElec   +            (no cloak)
rCorr   .            (no gloves)
SInv    .            (no boots)
Will    .....        (no amulet)
Stlth   +            m - +6 ring of dexterity
HPRegen 0.27/turn    (no ring)
MPRegen 0.10/turn

%: no passive effects
@: no status effects
A: sickness immunity, AC +4, negative energy resistance 1, electricity
resistance, torment resistance 1, petrification resistance
a: no special abilities


You were on level 4 of the Dungeon.
You visited 1 branch of the dungeon, and saw 4 of its levels.

You collected 207 gold pieces.


Innate Abilities, Weirdness & Mutations

You are immune to sickness and miasma.
Your stone body is resilient. (AC +4)
You are immune to poison.
You resist negative energy. (rN+)
You are resistant to electric shocks. (rElec)
You are resistant to unholy torment.
You are immune to petrification.


   Skills:
 - Level 4.0 Fighting
 + Level 7.4 Ranged Weapons
 - Level 1.3 Armour
 - Level 2.0 Dodging
 - Level 1.1 Stealth


You had 6 spell levels left.
You didn't know any spells.
Your spell library was empty.

Inventory:

Hand Weapons
 Y - a +1 shortbow (weapon)
Armour
 e - a +0 ring mail of fire resistance (worn)
Jewellery
 a - an amulet of faith
 m - a +6 ring of dexterity (left hand)
Scrolls
 i - a scroll of identify
 k - a scroll of enchant armour
Potions
 b - a potion of curing {unknown}
 c - a potion of lignification {unknown}
 f - a potion of might {unknown}
 g - a potion of resistance {unknown}
 l - a potion of degeneration {unknown}
 o - a potion of experience {unknown}

Dungeon Overview and Level Annotations

Branches:
Dungeon (4/15)
 Temple: D:4-7

Altars:
Fedhas
Makhleb
Nemelex Xobeh

Annotations:
D:3 1 runed translucent door, qw's ghost, weakling GrHu


Message History

You shoot an arrow.
The arrow hits the wyvern but does no damage.
The wyvern bites you! The wyvern barely misses you.
You shoot an arrow. The arrow hits the wyvern.
The wyvern is lightly wounded.
The wyvern bites you!
You shoot an arrow. The arrow hits the wyvern.
The wyvern is moderately wounded.
The wyvern bites you. x2
You shoot an arrow.
The arrow hits the wyvern but does no damage.
The wyvern is moderately wounded.
The wyvern bites you.
The wyvern bites you but does no damage.
You shoot an arrow. The arrow hits the wyvern.
The wyvern is heavily wounded.
The wyvern bites you but does no damage.
The wyvern bites you.
You shoot an arrow. The arrow closely misses the wyvern.
The wyvern bites you!
3340 ||| DRINKING potion of heal wounds.
You feel much better. The wyvern completely misses you. The wyvern bites you!
You shoot an arrow. The arrow completely misses the wyvern.
The wyvern bites you!
You shoot an arrow. The arrow closely misses the wyvern.
The wyvern bites you but does no damage.
The wyvern bites you.
You shoot an arrow. The arrow barely misses the wyvern.
The wyvern barely misses you. The wyvern completely misses you.
You shoot an arrow.
The arrow hits the wyvern but does no damage.
The wyvern is heavily wounded.
The wyvern misses you. The wyvern closely misses you.
You shoot an arrow. The arrow hits the wyvern.
The wyvern is severely wounded.
The wyvern closely misses you.
You shoot an arrow. The arrow closely misses the wyvern.
The wyvern bites you.
You die...

...##..####'#####+###
#.....................
#.....................
#.....................
#...###..#############
#...###..## ....
#....#....# ....
#...l#....# ....
#....@....# ....
####'##...# .... ...
##### #### #.... ...
#.... .. #.... . #....
. #.... .... .....


You could see a wyvern.

Vanquished Creatures
  A phantom (D:4)
  2 hounds (D:4)
  2 jellies (D:2)
  An orc priest (D:4)
  3 orc wizards (D:4)
  4 gnolls (D:4)
  3 adders
  3 ufetubi (D:4)
  2 worms
  A dart slug (D:3)
  2 orcs (D:4)
  5 ball pythons
  14 endoplasms
  4 giant cockroaches
  6 hobgoblins
  3 jackals
  15 kobolds
  3 quokkas
  6 bats
  3 frilled lizards (D:2)
  7 goblins
  8 rats
98 creatures vanquished.

Notes
Turn   | Place    | Note
-------+----------+-------------------------------------------
     0 | D:1      | qw the Gargoyle Hunter began the quest for the Orb.
     0 | D:1      | Reached XP level 1. HP: 12/12 MP: 1/1
     0 | D:1      | 0 ||| qw: Version: 0.3-a-76-g4403597
     0 | D:1      | 0 ||| qw: Game counter: 1051
     0 | D:1      | 0 ||| qw: Melee chars always use a shield: true
     0 | D:1      | 0 ||| qw: God list: Okawaru
     0 | D:1      | 0 ||| qw: Allow faded altars: false
     0 | D:1      | 0 ||| qw: Do Orc after clearing Dungeon:15 true
     0 | D:1      | 0 ||| qw: Do second Lair branch before Depths: true
     0 | D:1      | 0 ||| qw: Lair rune preference: random
     0 | D:1      | 0 ||| qw: Goals: Normal
     0 | D:1      | 0 ||| PLANNING D:1-11
   206 | D:1      | Reached XP level 2. HP: 17/17 MP: 2/2
   552 | D:1      | Reached XP level 3. HP: 21/21 MP: 3/3
   719 | D:1      | 719 ||| UPGRADING to +0 ring mail.
   729 | D:1      | 729 ||| DROPPING +0 leather armour.
   730 | D:1      | 730 ||| READING 2 scrolls labelled RIGRYSMAOLE.
   735 | D:1      | 735 ||| READING scroll labelled MALOHA AKIHOQ.
   736 | D:1      | 736 ||| READING scroll labelled HUSKOM QOAM.
   737 | D:1      | 737 ||| DRINKING 2 brown potions.
   738 | D:1      | 738 ||| DROPPING scroll of butterflies.
   739 | D:1      | 739 ||| DROPPING potion of brilliance.
   849 | D:2      | Reached skill level 1 in Armour
  1067 | D:2      | Reached skill level 5 in Ranged Weapons
  1337 | D:2      | 1337 ||| Stepping ~*~*~tactically~*~*~ (outnumbered).
  1338 | D:2      | 1338 ||| Stepping ~*~*~tactically~*~*~ (outnumbered).
  1380 | D:2      | Reached XP level 4. HP: 27/27 MP: 4/4
  1390 | D:2      | Reached skill level 3 in Fighting
  1446 | D:2      | Reached XP level 5. HP: 32/32 MP: 5/5
  1517 | D:2      | Found a sparkling altar of Nemelex Xobeh.
  1756 | D:2      | 1756 ||| UPGRADING to +6 ring of dexterity.
  1757 | D:2      | 1757 ||| READING scroll labelled HEEHEO EFOSO.
  1758 | D:2      | 1758 ||| READING scroll labelled YNLACOD NOETT.
  1759 | D:2      | 1759 ||| READING 3 scrolls labelled LUITAKHAEPS.
  1760 | D:2      | 1760 ||| READING scroll labelled FONGEM FARYTU.
  1761 | D:2      | 1761 ||| READING scroll labelled CAUKOU WOFYTE.
  1762 | D:2      | 1762 ||| READING scroll labelled VEWU IT NEJORPH.
  1763 | D:2      | 1763 ||| READING 2 scrolls of identify.
  1763 | D:2      | 1763 ||| IDENTIFYING coppery potion
  1764 | D:2      | 1764 ||| DROPPING potion of invisibility.
  1935 | D:3      | Found a burning altar of Makhleb.
  2037 | D:3      | 2037 ||| Stepping ~*~*~tactically~*~*~ (outnumbered).
  2140 | D:3      | Found a runed translucent door.
  2301 | D:3      | Found a blossoming altar of Fedhas.
  2553 | D:3      | Noticed qw's ghost (weakling GrHu)
  2555 | D:3      | 2555 ||| UPGRADING to +0 ring mail of fire resistance.
  2565 | D:3      | 2565 ||| DROPPING +0 ring mail.
  2566 | D:3      | 2566 ||| READING 2 scrolls labelled JAYM GONEIZUIN.
  2567 | D:3      | 2567 ||| READING scroll labelled RAISMASIAPN.
  2568 | D:3      | 2568 ||| DROPPING scroll of revelation.
  2608 | D:4      | Reached skill level 6 in Ranged Weapons
  2608 | D:4      | 2608 ||| RETREATING.
  2609 | D:4      | 2609 ||| Stepping ~*~*~tactically~*~*~ (retreating).
  2610 | D:4      | 2610 ||| Stepping ~*~*~tactically~*~*~ (retreating).
  2611 | D:4      | 2611 ||| Stepping ~*~*~tactically~*~*~ (retreating).
  2621 | D:4      | 2621 ||| FLEEEEING.
  2622 | D:4      | 2622 ||| FLEEEEING.
  2622 | D:4      | HP: 8/33 [something (4)]
  2623 | D:4      | 2623 ||| READING 2 scrolls of teleportation.
  2624 | D:4      | 2624 ||| FLEEEEING.
  2624 | D:4      | HP: 3/33 [something/magic dart (5)]
  2625 | D:4      | 2625 ||| FLEEEEING.
  2627 | D:4      | 2627 ||| READING scroll of teleportation.
  2760 | D:4      | Reached XP level 6. HP: 37/38 MP: 6/6
  2856 | D:4      | 2856 ||| RETREATING.
  2902 | D:4      | 2902 ||| Stepping ~*~*~tactically~*~*~ (outnumbered).
  2926 | D:4      | Reached skill level 7 in Ranged Weapons
  2940 | D:4      | 2940 ||| FLEEEEING.
  2941 | D:4      | 2941 ||| FLEEEEING.
  2942 | D:4      | 2942 ||| FLEEEEING.
  2948 | D:4      | 2948 ||| STAIRDANCE
  3007 | D:3      | 3007 ||| DROPPING scarf of shadows.
  3008 | D:3      | 3008 ||| DRINKING 2 purple potions.
  3090 | D:4      | Reached XP level 7. HP: 39/43 MP: 7/7
  3332 | D:4      | Noticed a wyvern
  3339 | D:4      | HP: 6/43 [wyvern (11)]
  3340 | D:4      | 3340 ||| DRINKING potion of heal wounds.
  3341 | D:4      | HP: 2/43 [wyvern (11)]
  3346 | D:4      | Slain by a wyvern

Levels and vault maps discovered:
D:1:      sevenhm_arrival_forest_fort_small_4, layout_basic
D:2:      cheibrodos_fertilizer, layout_loops_corners, basic_altar,
          minmay_tiny_reverse_x
D:3:      layout_basic, fedhas_altar_2, lemuel_tele_altar,
          ebering_ghost_reflecting_pool, minmay_pentangle
D:4:      layout_gridville, minivault_23, st_stairs_2, reono_crystal_passage,
          grunt_ministairs_14

Skill      XL: |  1  2  3  4  5  6 |
---------------+-------------------+-----
Armour         | 1 |  1.3
Ranged Weapons | 5 6 7 |  7.4
Fighting       | 3 4 |  4.0
Dodging        | 2 |  2.0
Stealth        | |  1.1

Action                     |  1- 3 |  4- 6 |  7- 9 || total
---------------------------+-------+-------+-------++-------
   Fire: Shortbow          |   106 |   175 |    45 ||   326
    Use: Scroll            |     3 |    11 |       ||    14
         Potion            |     1 |     1 |     1 ||     3
 Armour: Leather armour    |     8 |       |       ||     8
         Ring mail         |    24 |    76 |    40 ||   140
  Dodge: Dodged            |    33 |    68 |    28 ||   129

Table legend:
 A = Non-vault XP
 B = Vault XP
 C = Vault XP percentage of total XP
 D = Non-vault monster count
 E = Vault monster count
 F = Vault count percentage of total count
                 A         B        C        D         E       F
            +---------+---------+-------+---------+---------+-------
      Total |     466 |     226 |  32.7 |      61 |      37 |  37.8
            +---------+---------+-------+---------+---------+-------
        D:1 |      36 |       0 |   0.0 |      20 |       0 |   0.0
        D:2 |      29 |     128 |  81.5 |      17 |      21 |  55.3
        D:3 |      33 |      28 |  45.9 |      11 |       8 |  42.1
        D:4 |     368 |      70 |  16.0 |      13 |       8 |  38.1
            +---------+---------+-------+---------+---------+-------
